 Dungeon Crawl Stone Soup version 0.29.1-13-g9f3cf754e1 (webtiles) character file.

Game seed: 12278621382717661196

802 FexLirch the Insei (level 8, -8/87 HPs)
             Began as a Djinni Transmuter on Jan 19, 2023.
             Was an Initiate of Makhleb.
             Mangled by Duvessa
             ... wielding a +0 rapier
              (16 damage)
             ... on level 5 of the Dungeon.
             The game lasted 00:11:05 (6486 turns).

FexLirch the Insei (Djinni Transmuter)              Turns: 6486, Time: 00:11:06

Health: -8/87      AC: 24    Str:  9    XL:     8   Next: 14%
Gold:   210        EV:  2    Int: 18    God:    Makhleb [......] SH:  0 Dex: 13

rFire   . . .      SeeInvis .     - Unarmed
rCold   . . .      Faith    .   (no shield)
rNeg    + . .      Spirit   .   (body armour currently unavailable)
rPois   ∞          Reflect  .   (helmet currently unavailable)
rElec   .          Harm     .   (cloak currently unavailable)
rCorr   .          Rampage  .   (gloves currently unavailable)
Will    .....      NoTele   +   (boots unavailable)
Stlth   +.........              (no amulet)
HPRegen 0.24/turn               n - +4 ring of slaying
MPRegen 0.00/turn               p - ring of positive energy

@: tree-form, wereblooded, on blink cooldown
A: stationary, stasis, torment immunity, boosted hp, sickness immunity, (fire
resistance 2), (cold vulnerability 1), float, innate caster, HP casting, extra
vitality 1
a: Renounce Religion


You were on level 5 of the Dungeon.
You worshipped Makhleb.
Makhleb was noncommittal.
You were a tree.
You visited 2 branches of the dungeon, and saw 6 of its levels.

You collected 210 gold pieces.

Inventory:

Armour
 a - a +0 robe
 t - a +2 robe of resistance (melded)
 y - a +0 pair of gloves
Jewellery
 n - a +4 ring of slaying (left branch)
 p - a ring of positive energy (right branch)
Wands
 x - a wand of roots (13)
Scrolls
 c - 8 scrolls of identify {unknown}
 j - a scroll of immolation {unknown}
 l - 2 scrolls of blinking {unknown}
 m - a scroll of torment {unknown}
 o - a scroll of fear {unknown}
 q - a scroll of vulnerability {unknown}
 r - a scroll of enchant weapon {unknown}
 s - a scroll of poison {unknown}
 u - a scroll of enchant armour {unknown}
 w - a scroll of amnesia {unknown}
Potions
 b - a potion of lignification
 d - 3 potions of haste {unknown}
 e - a potion of ambrosia {unknown}
 f - a potion of heal wounds {unknown}
 g - a potion of invisibility {unknown}
 h - 3 potions of curing {unknown}
 i - a potion of might {unknown}
 k - 3 potions of mutation {unknown}
 v - 2 potions of brilliance {unknown}


   Skills:
 + Level 3.8 Fighting
 + Level 4.7 Dodging
 + Level 4.8 Unarmed Combat
 * Level 4.2 Spellcasting


You couldn't memorise any spells.
You knew the following spells:

 Your Spells              Type           Power      Damage    Failure   Level
a - Beastly Appendage     Tmut           38%        N/A       2%          1
b - Wereblood             Tmut           19%        N/A       3%          2
c - Spider Form           Tmut/Pois      19%        N/A       8%          3
d - Ice Form              Ice/Tmut       19%        N/A       26%         4
e - Foxfire               Conj/Fire      76%        2x1d7     2%          1
f - Blink                 Tloc           38%        N/A       3%          2
g - Ensorcelled Hibernat  Hex/Ice        38%        N/A       3%          2
Your spell library was empty.

Dungeon Overview and Level Annotations

Branches:
Dungeon (5/15)             Temple (1/1) D:4

Altars:
Ashenzari
Cheibriados
Dithmenos
Elyvilon
Fedhas
Gozag
Hepliaklqana
Makhleb
Qazlal
Ru
Uskayaw
Wu Jian
Xom
Yredelemnul
Zin
The Shining One

Annotations:
D:3 1 runed translucent door, Crazy Yiuf
D:5 1 runed translucent door, Duvessa


Innate Abilities, Weirdness & Mutations

You are a tree.
Your roots penetrate the ground, keeping you stationary.
You cannot be teleported.
You are immune to unholy pain and torment.
Your maximum health is greatly increased.
Your equipment is partially melded.
You are immune to sickness and miasma.
You are immune to poison.
((Your flesh is very heat resistant. (rF++)))
((You are vulnerable to cold. (rC-)))
You float through the air rather than walking.
You learn spells naturally, not from books.
Your magical power is your life essence.
You have superior vitality. (+4 MHP)


Message History

You conjure some foxfire!
Duvessa goes berserk!
The foxfire hits Duvessa but does no damage.
You bite Duvessa!
Duvessa is poisoned.
Duvessa is lightly wounded.
The foxfire hits Duvessa.
Duvessa is moderately wounded.
You hit Duvessa.
Duvessa looks as sick as possible!
Duvessa is moderately wounded.
Duvessa completely misses you. Duvessa misses you.
You hit Duvessa but do no damage.
Duvessa looks as sick as possible!
Duvessa is moderately wounded.
Duvessa closely misses you.
You hit Duvessa but do no damage.
Duvessa looks as sick as possible!
Duvessa is moderately wounded.
Duvessa hits you with a +0 rapier!
You hit Duvessa.
Duvessa looks as sick as possible!
Duvessa is heavily wounded.
Duvessa misses you. The orc closely misses you. The orc misses you.
Duvessa completely misses you. Duvessa attacks as you move away!
Duvessa hits you with a +0 rapier!
* * * LOW HITPOINT WARNING * * *
Duvessa rages.
Casting: Foxfire (safe; 10% risk of failure)
Confirm with . or Enter, or press ? or * to list all spells.
You blink.
* * * LOW HITPOINT WARNING * * *
Duvessa rages.
Really quaff the potion of lignification?
Your transformation has ended.
Your +2 robe of resistance unmelds from your body.
You feel resistant to extremes of temperature.
You turn into a tree.
Your +2 robe of resistance melds into your body.
You feel hot and cold all over.
Your roots penetrate the ground.
Duvessa hits you with a +0 rapier!
* * * LOW HITPOINT WARNING * * *
You smack Duvessa!
Duvessa is almost dead.
Duvessa hits you with a +0 rapier!
You die...

..#.# #..#........ ..#.#
##..............
..#.###..#...........
....#....#.......... ....
)).#..##[#.#.......# ....
#....##..#.##..###.# .....
..<#....#..###.##..#.!.....
.#.#.####.#........#......
##...####.#.....♣o.#......
##...........>.oe.).....#
.#.####.##.......o.#...# ...#
##.###........#...# ...###..#
#.......§#.# # #......##
#........#.#
..#....####..........####
#####
###...................###...#
###.#########.†.###).##...#


You could see Duvessa (berserk, extremely poisoned), an orc wizard and 2 orcs.

Vanquished Creatures
  Grinder (D:5)
  Edmund (D:5)
  2 scorpions
  Dowan (D:5)
  A gnoll bouda (D:5)
  An orc priest (D:4)
  A mummy (D:4)
  5 adders
  11 gnolls
  A worm (D:3)
  2 dart slugs
  12 orcs
  8 ball pythons
  7 endoplasms
  4 giant cockroaches
  7 goblins
  7 hobgoblins
  4 jackals (D:3)
  5 quokkas
  4 bats
  4 kobolds
  3 rats
92 creatures vanquished.

Vanquished Creatures (others)
  152 foxfires
152 creatures vanquished.

Grand Total: 244 creatures vanquished

Notes
Turn   | Place    | Note
-------+----------+-------------------------------------------
     0 | D:1      | FexLirch the Djinni Transmuter began the quest for the Orb.
     0 | D:1      | FexLirch set off with the following spells memorised:
                  | Beastly Appendage, Wereblood, Spider Form, Ice Form.
     0 | D:1      | Reached XP level 1. HP: 17/17 MP: 0/0
     6 | D:1      | Noticed a four-headed hydra
     6 | D:1      | Noticed a komodo dragon
     7 | D:1      | Noticed a salamander
     7 | D:1      | Noticed a hound
   161 | D:1      | You are sucked into a shaft and drop 1 floor!
   442 | D:1      | Found a faded altar of an unknown god.
   452 | D:1      | Reached XP level 2. HP: 13/22 MP: 0/0
  1632 | D:1      | Reached XP level 3. HP: 24/27 MP: 0/0
  1632 | D:1      | Learned a level 1 spell: Foxfire
  2323 | D:2      | Found a hide-covered altar of Uskayaw.
  2488 | D:2      | Reached XP level 4. HP: 32/33 MP: 0/0
  3064 | D:3      | Found a runed translucent door.
  3065 | D:3      | Noticed Crazy Yiuf
  4097 | D:3      | Noticed an ogre
  4152 | D:4      | Noticed a scorpion
  4171 | D:4      | Killed a scorpion
  4172 | D:4      | Reached XP level 5. HP: 9/38 MP: 0/0
  4172 | D:4      | Learned a level 2 spell: Blink
  4671 | D:4      | Found a glowing silver altar of Zin.
  4671 | D:4      | Noticed an angel
  4686 | D:4      | Found a staircase to the Ecumenical Temple.
  4725 | D:4      | Reached XP level 6. HP: 44/45 MP: 0/0
  4735 | Temple   | Entered the Ecumenical Temple
  4742 | Temple   | Became a worshipper of Makhleb the Destroyer
  4908 | D:4      | Found a snail-covered altar of Cheibriados.
  5621 | D:5      | Entered Level 5 of the Dungeon
  5940 | D:5      | Noticed Edmund
  5954 | D:5      | Killed Edmund
  5955 | D:5      | Reached XP level 7. HP: 35/50 MP: 0/0
  5955 | D:5      | Learned a level 2 spell: Ensorcelled Hibernation
  6060 | D:5      | Noticed Grinder
  6103 | D:5      | Paralysed by Grinder for 2 turns
  6118 | D:5      | Killed Grinder
  6341 | D:5      | Found a runed translucent gate.
  6406 | D:5      | Reached XP level 8. HP: 58/58 MP: 0/0
  6459 | D:5      | Noticed Dowan
  6472 | D:5      | Noticed Duvessa
  6476 | D:5      | Killed Dowan
  6486 | D:5      | Mangled by Duvessa

Illustrated notes

Levels and vault maps discovered:
D:1:      onia_arrival_zoo_common, layout_loops_corners,
          hellmonk_ecumenical_altar_slurped_away
D:2:      layout_basic, basic_altar
D:3:      layout_basic, uniq_crazy_yiuf_cottage
D:4:      layout_loops_corners, zin_angel, slow_altar_2,
          minmay_temple_entry_waves, bh_walls_and_bars
D:5:      layout_rooms, nicolae_overflow_hidden_temple,
          gammafunk_ghost_cemetery, minmay_misc_feat_rugged, uniq_edmund,
          uniq_grinder, uniq_duvessa
Temple:   nicolae_temple_no_exploring_needed

Skill      XL: |  1  2  3  4  5  6  7 |
---------------+----------------------+-----
Spellcasting   | 2 3 4 |  4.2
Dodging        | 3 4 |  4.7
Fighting       | 2 3 |  3.8
Unarmed Combat | 4 |  4.8

Action                   |  1- 3 |  4- 6 |  7- 9 || total
-------------------------+-------+-------+-------++-------
Melee: Unarmed           |   102 |    83 |    30 ||   215
       Headbutt          |    20 |     2 |       ||    22
       Punch             |     2 |     2 |       ||     4
 Cast: Beastly Appendage |    25 |     8 |       ||    33
       Wereblood         |     7 |     6 |     2 ||    15
       Foxfire           |       |    91 |     7 ||    98
       Spider Form       |       |     6 |     3 ||     9
       Blink             |       |     1 |     1 ||     2
       Ice Form          |       |       |     1 ||     1
       Ensorcelled Hiber |       |       |     1 ||     1
  Use: Potion            |       |       |     1 ||     1
 Stab: Sleeping          |       |     1 |       ||     1
Armor: Robe              |    20 |     9 |     1 ||    30
       Skin              |       |     2 |     3 ||     5
Dodge: Dodged            |    61 |    69 |    22 ||   152
